 Dungeon Crawl Stone Soup version 0.27-a0-1147-gb3d8e82157 (webtiles) character file.

Game seed: 12527540274713645116

12 kae the Skirmisher (level 2, 0/24 HPs)
             Began as a Demonspawn Fighter on May 11, 2021.
             Slain by a jackal (2 damage)
             ... on level 2 of the Dungeon.
             The game lasted 00:00:26 (789 turns).

kae the Skirmisher (Demonspawn Fighter)              Turns: 789, Time: 00:00:26

Health: 0/24       AC:  6    Str: 16    XL:     2   Next: 20%
Magic:  2/2        EV:  6    Int:  9    God:
Gold:   93         SH:  8    Dex: 12    Spells: 1/1 levels left

rFire    . . .     SeeInvis .   a - +0 long sword
rCold    . . .     Faith    .   c - +0 kite shield
rNeg     . . .     Spirit   .   b - +0 scale mail
rPois    .         Reflect  .   (no helmet)
rElec    .         Harm     .   (no cloak)
rCorr    .         Rampage  .   (no gloves)
Will     .....                  (no boots)
Stlth    ..........             (no amulet)
HPRegen  0.08/turn              (no ring)
MPRegen  0.08/turn              (no ring)

@: no status effects
A: powered by death 1
a: no special abilities


You were on level 2 of the Dungeon.
You visited 1 branch of the dungeon, and saw 2 of its levels.

You collected 93 gold pieces.

Inventory:

Hand Weapons
 a - a +0 long sword (weapon)
Armour
 b - a +0 scale mail (worn)
 c - a +0 kite shield (worn)
Scrolls
 e - a scroll of amnesia {unknown}
 f - a scroll of enchant armour {unknown}
Potions
 d - a potion of might
 g - a potion of lignification {unknown}


   Skills:
 + Level 3.2 Fighting
 * Level 2.4 Long Blades
 - Level 2.6 Armour
 - Level 2.6 Shields


You had one spell level left.
You didn't know any spells.
Your spell library was empty.

Dungeon Overview and Level Annotations

Branches:
Dungeon (2/15)

Altars:

Shops:
D:1 [

Annotations:
D:2 Terence


Innate Abilities, Weirdness & Mutations

You regenerate a little health from kills.


Message History

The jackal bites you but does no damage. x2
The jackal bites you but does no damage.
The adder bites you but does no damage.
You miss the adder. You block the jackal's attack.
The jackal bites you but does no damage.
The adder bites you. You block the jackal's attack.
The jackal barely misses you. The adder bites you but does no damage.
You barely miss the adder. The jackal barely misses you. The jackal bites you.
You block the adder's attack. You block the jackal's attack. x2
A dart slug comes into view.
You hit the adder but do no damage. The jackal bites you. The adder bites you.
The jackal bites you but does no damage.
The adder bites you but does no damage. The jackal barely misses you.
The jackal bites you.
You closely miss the adder. You block the jackal's attack.
The jackal bites you. The adder bites you but does no damage.
The jackal bites you but does no damage.
The adder bites you. The jackal barely misses you.
The jackal bites you but does no damage.
You hit the adder but do no damage.
The jackal bites you but does no damage.
The adder bites you. The jackal bites you.
* * * LOW HITPOINT WARNING * * *
The jackal bites you.
* * * LOW HITPOINT WARNING * * *
The adder barely misses you.
A dart slug comes into view.
You block the jackal's attack. The jackal closely misses you.
You barely miss the adder. You block the adder's attack.
Terence shouts, "ATTACK!!!"
The jackal bites you but does no damage. x2
The adder barely misses you.
You riposte.
You hit the adder.
The adder is moderately wounded.
The jackal bites you but does no damage.
You block the jackal's attack. The adder bites you but does no damage.
You miss the adder.
The adder is moderately wounded.
The jackal bites you but does no damage.
The jackal bites you.
You die...

.........#
..[.......
.........##
..........#
..........
.........# ##.
.........###.....
#S@hg@..w..
S....w..h##.###..
........#.. #
........#.##
..........#
.........##
......#.#
.....####


You could see Terence, an adder, 2 dart slugs, 2 jackals and a hobgoblin.

Vanquished Creatures
  An endoplasm (D:1)
  A giant cockroach (D:1)
  A goblin (D:1)
  A hobgoblin (D:1)
  A jackal (D:2)
  A ball python (D:1)
  A bat (D:1)
  A frilled lizard (D:1)
  2 kobolds (D:1)
  2 rats (D:1)
12 creatures vanquished.

Notes
Turn   | Place    | Note
-------+----------+-------------------------------------------
     0 | D:1      | kae the Demonspawn Fighter began the quest for the Orb.
     0 | D:1      | Reached XP level 1. HP: 18/18 MP: 1/1
   529 | D:1      | Gained mutation: You regenerate a little health from kills.
                  | [demonic ancestry]
   529 | D:1      | Reached XP level 2. HP: 24/24 MP: 2/2
   749 | D:1      | Found Heoch's Armour Shop.
   780 | D:2      | Noticed Terence
   789 | D:2      | Slain by a jackal

Illustrated notes

Levels and vault maps discovered:
D:1:      minmay_arrival_plants_in_alcoves, layout_basic, serial_shops,
          nicolae_shop_crystal
D:2:      layout_rooms, shapermc_ecumenical_altar_mp_ritualfount,
          minmay_3d_cube, uniq_terence

Skill      XL: |  1 |
---------------+----+-----
Long Blades    | 2 |  2.4
Fighting       | |  3.2
Armour         | |  2.6
Shields        | |  2.6

Action                   || total
-------------------------++-------
Melee: Long sword        ||    39
Armor: Scale mail        ||    38
Dodge: Dodged            ||    24
Block: Kite shield       ||    25
       Rpst.: Long sword ||     8

Table legend: (Time is in decaauts)
 A = Elapsed time spent in this place.
 B = Non-inter-level travel time spent in this place.
 C = Inter-level travel time spent in this place.
 D = Time resting spent in this place.
 E = Time spent auto-exploring this place.
 F = Levels seen in this place.
 G = Mean time per level.
                   A        B        C        D        E       F      G
               +--------+--------+--------+--------+--------+-----+--------+
         Total |    809 |    799 |     10 |      0 |    710 |   2 |  404.5 |
       Dungeon |    809 |    799 |     10 |      0 |    710 |   2 |  404.5 |
               +--------+--------+--------+--------+--------+-----+--------+

Top non-repeatable levels by time:
     D:1: 793 daAuts
     D:2: 16 daAuts
